 Dungeon Crawl Stone Soup version 0.26.1-11-gd32895ea62 (webtiles) character file.

Game seed: 5283195439987283867

99 woolyfrog the Slasher (level 4, -4/39 HPs)
             Began as a Minotaur Fighter on May 3, 2021.
             Slain by a gnoll
             ... wielding a +0 halberd
              (13 damage)
             ... on level 3 of the Dungeon.
             The game lasted 00:03:20 (1520 turns).

woolyfrog the Slasher (Minotaur Fighter)            Turns: 1520, Time: 00:03:21

Health: -4/39      AC:  6    Str: 21    XL:     4   Next: 45%
Magic:  3/3        EV:  9    Int:  5    God:
Gold:   103        SH:  0    Dex: 10    Spells: 3/3 levels left

rFire    . . .     SeeInvis .   a - +0 long sword
rCold    . . .     Faith    .   (no shield)
rNeg     . . .     Spirit   .   b - +0 scale mail
rPois    +         Reflect  .   (helmet restricted)
rElec    .         Harm     .   (no cloak)
rCorr    .         Rampage  .   (no gloves)
Will     .....                  (no boots)
Stlth    ..........             (no amulet)
HPRegen  0.13/turn              h - ring of poison resistance
MPRegen  0.08/turn              (no ring)

@: no status effects
A: retaliatory headbutt, horns 2
a: no special abilities


You were on level 3 of the Dungeon.
You visited 1 branch of the dungeon, and saw 3 of its levels.

You collected 103 gold pieces.

Inventory:

Hand Weapons
 a - a +0 long sword (weapon)
Armour
 b - a +0 scale mail (worn)
Jewellery
 h - a ring of poison resistance (left hand)
Scrolls
 c - a scroll of remove curse
 e - 3 scrolls of identify
 f - 2 scrolls of teleportation
 i - a scroll of immolation {unknown}
Potions
 d - a potion of might
 g - a potion of haste {unknown}


   Skills:
 - Level 3.6 Fighting
 + Level 5.8 Long Blades
 - Level 3.6 Armour
 - Level 3.6 Shields


You had 3 spell levels left.
You didn't know any spells.
Your spell library was empty.

Dungeon Overview and Level Annotations

Branches:
Dungeon (3/15)

Altars:
Dithmenos
Nemelex Xobeh
Yredelemnul


Innate Abilities, Weirdness & Mutations

You reflexively headbutt those who attack you in melee.
You have a pair of horns on your head.


Message History

The gnoll closely misses you.
Items here: ( ))) ††.
You closely miss the gnoll. The gnoll hits you with a +0 halberd!
You are too injured to fight recklessly!
You are too injured to fight recklessly!
You are too injured to fight recklessly!
You are too injured to fight recklessly!
You are too injured to fight recklessly!
You are too injured to fight recklessly!
You hit the gnoll. Your headbutt misses the gnoll.
The gnoll is moderately wounded.
The gnoll barely misses you.
You closely miss the gnoll.
The gnoll is moderately wounded.
The gnoll hits you with a +0 halberd.
* * * LOW HITPOINT WARNING * * *
You hit the gnoll.
The gnoll is severely wounded.
The gnoll hits you with a +0 halberd!
You die...

..#
#....###+###
#.# ....(...
#.#......#.#
#.#.##...#.#
#.#.##...#^#
#.#.##...#.#
#g#.#..#.#.#
#@#.##.#...#
#.#.#<.#...#
#.#.####...#
#.#..†.....#
#..........#
##########...#
#..# ..# .>..


You could see a gnoll.

Vanquished Creatures
  2 adders (D:2)
  3 gnolls (D:3)
  A worm (D:2)
  2 leopard geckos
  6 bats
  3 giant cockroaches
  10 goblins
  4 hobgoblins
  2 quokkas (D:2)
  4 frilled lizards (D:1)
  4 kobolds
  4 rats (D:1)
  A spectral orc (D:2)
46 creatures vanquished.

Notes
Turn   | Place    | Note
-------+----------+-------------------------------------------
     0 | D:1      | woolyfrog the Minotaur Fighter began the quest for the Orb.
     0 | D:1      | Reached XP level 1. HP: 19/19 MP: 0/0
   148 | D:1      | Reached skill level 3 in Long Blades
   163 | D:1      | Reached XP level 2. HP: 26/26 MP: 1/1
   477 | D:1      | Reached skill level 4 in Long Blades
   685 | D:2      | Found a shadowy altar of Dithmenos.
   694 | D:2      | Reached XP level 3. HP: 31/31 MP: 2/2
   909 | D:2      | Reached skill level 5 in Long Blades
  1394 | D:2      | Found a sparkling altar of Nemelex Xobeh.
  1439 | D:2      | Found a basalt altar of Yredelemnul.
  1443 | D:2      | Reached XP level 4. HP: 39/39 MP: 3/3
  1520 | D:3      | Slain by a gnoll

Illustrated notes

Levels and vault maps discovered:
D:1:      dpeg_arrival_simpleton_a, layout_rooms
D:2:      layout_loops_cross, yredelemnul_forgotten_temple_becter,
          nicolae_overflow_crystal_walls, nrook_mini_backslash,
          nemelex_spade_bored_becter
D:3:      layout_basic, eat_drink_and_be_merry_uskayaw, lightli_temple_of_fire,
          minmay_misc_feat_rugged, minmay_box_of_dots

Skill      XL: |  1  2  3 |
---------------+----------+-----
Long Blades    | 3 4 5 |  5.8
Fighting       | |  3.6
Armour         | |  3.6
Shields        | |  3.6

Action                   |  1- 3 |  4- 6 || total
-------------------------+-------+-------++-------
Melee: Long sword        |    79 |    14 ||    93
       Headbutt          |     7 |     1 ||     8
  Use: Scroll            |     3 |       ||     3
Armor: Scale mail        |    45 |     2 ||    47
Dodge: Dodged            |    44 |     6 ||    50
Block: Kite shield       |     8 |       ||     8
       Rpst.: Long sword |    12 |     2 ||    14
